 Seeded DCSS version 0.30.1-9-gdf580d7c3d (webtiles) character file.

Game seed: 920673320228942481 (custom seed)

4053 Psyclone the Thaumaturge (level 10, -6/60 HPs)
             Began as a Djinni Conjurer on Oct 16, 2023.
             Was an Initiate of Ashenzari.
             Mangled by Duvessa
             ... wielding a +0 short sword
              (9 damage)
             ... on level 7 of the Dungeon.
             The game lasted 00:14:27 (7719 turns).

Psyclone the Thaumaturge (Djinni Conjurer)          Turns: 7719, Time: 00:14:27

Health: -6/60      AC:  8    Str:  2    XL:     10   Next: 48%
Gold:   433        EV: 11    Int: 24    God:    Ashenzari [......] SH:  6 Dex: 18

rFire   + + +        E - +5 spear
rCold   x . .        f - +2 buckler {AC+3}
rNeg    . . .        a - +0 robe
rPois   ∞            I - +1 helmet
rElec   +            i - +0 cloak {rPois}
rCorr   .            (no gloves)
SInv    .            (boots unavailable)
Will    +....        (no amulet)
Stlth   ++           c - ring of wizardry
HPRegen 0.30/turn    d - ring "Liwkew" {+Blink rElec rF+ Str-4 Dex+6}
MPRegen 0.00/turn

%: wizardry (x1), infuse magic (-7 HP)
@: flying
A: sickness immunity, fire resistance 2, cold vulnerability 1, float, innate
caster, HP casting, extra vitality 1, MP-powered wands
a: Renounce Religion, Evoke Blink


You were on level 7 of the Dungeon.
You worshipped Ashenzari.
Ashenzari was noncommittal.
You visited 2 branches of the dungeon, and saw 8 of its levels.

You collected 433 gold pieces.

Inventory:

Hand Weapons
 e - a +0 broad axe of electrocution
 E - a +5 spear (weapon)
Armour
 a - a +0 robe (worn)
 f - a +2 buckler of protection (worn)
 i - a +0 cloak of poison resistance (worn)
 I - a +1 helmet (worn)
Jewellery
 c - a ring of wizardry (left hand)
 d - the ring "Liwkew" (right hand) {+Blink rElec rF+ Str-4 Dex+6}
   (You acquired it on level 1 of the Dungeon)

   [ring of dexterity]

   Str:       It affects your strength (-4).
   Dex:       It affects your dexterity (+6).
   rF:        It protects you from fire.
   rElec:     It insulates you from electricity.
   +Blink:    It lets you blink.
 k - a ring of resist corrosion
 t - an amulet of regeneration
 y - an amulet of the acrobat
 C - the amulet "Deiwnuuf" {Spirit rPois Str+4}
   (You found it on level 5 of the Dungeon)

   [amulet of guardian spirit]

   It causes incoming damage to be divided between your reserves of health and
   magic.
   Str:       It affects your strength (+4).
   rPois:     It protects you from poison.
 H - the amulet "Giogomotz" {rF+++ Regen+ Str+6 Int+3}
   (You found it on level 6 of the Dungeon)

   [amulet of regeneration]

   Str:       It affects your strength (+6).
   Int:       It affects your intelligence (+3).
   rF:        It renders you almost immune to fire.
   Regen:     It increases your rate of health regeneration.
 K - a +4 ring of protection
Wands
 m - a wand of polymorph (9)
 r - a wand of paralysis (12)
Scrolls
 o - 6 scrolls of teleportation {unknown}
 p - 2 scrolls of amnesia {unknown}
 q - 3 scrolls of fog {unknown}
 u - 4 scrolls of identify {unknown}
 w - a scroll of poison {unknown}
 x - 2 scrolls of fear {unknown}
 B - 5 scrolls of noise {unknown}
 D - 3 scrolls of enchant weapon {unknown}
 G - a scroll of vulnerability {unknown}
 J - a scroll of immolation {unknown}
 L - a scroll of enchant armour {unknown}
Potions
 b - 2 potions of resistance
 g - 2 potions of cancellation {unknown}
 h - a potion of lignification {unknown}
 j - 4 potions of heal wounds {unknown}
 l - a potion of brilliance {unknown}
 n - a potion of berserk rage {unknown}
 s - 4 potions of degeneration {unknown}
 v - a potion of invisibility {unknown}
 z - 3 potions of curing {unknown}
 A - a potion of ambrosia {unknown}
 F - 3 potions of might {unknown}


   Skills:
 - Level 2.5 Dodging
 - Level 1.9 Stealth
 + Level 11.6 Spellcasting


You knew the following spells:

 Your Spells              Type           Power      Damage    Failure   Level
a - Magic Dart            Conj           100%       1d8       1%          1
b - Searing Ray           Conj           100%       2d8       1%          2
c - Dazzling Flash        Conj/Hex       100%       N/A       1%          3
d - Fulminant Prism       Conj/Hex       31%        3d15      1%          4
e - Iskenderun's Mystic   Conj/Tloc      63%        2d13      1%          4
f - Sandblast             Erth           100%       2d20      1%          1
g - Static Discharge      Conj/Air       100%       2-7/arc   1%          2
h - Vampiric Draining     Necr           63%        2d10      1%          3
i - Vhi's Electric Charg  Tloc/Air       100%       N/A       1%          3
Your spell library was empty.

Dungeon Overview and Level Annotations

Branches:
Dungeon (7/15) Zot: 26073  Temple (1/1) D:6 Zot: 5911

Altars:
Ashenzari
Cheibriados
Dithmenos
Elyvilon
Fedhas
Gozag
Hepliaklqana
Makhleb
Nemelex Xobeh
Okawaru
Qazlal
Ru
Trog
Uskayaw
Xom
The Shining One

Shops:
D:3 *:

Annotations:
D:7 Duvessa


Innate Abilities, Weirdness & Mutations

You are immune to sickness and miasma.
You are immune to poison.
Your flesh is very heat resistant. (rF++)
You are vulnerable to cold. (rC-)
You float through the air rather than walking.
You learn spells naturally, not from books.
Your magical power is your life essence.
You have superior vitality. (+4 MHP)
You expend health (3 HP) to strengthen your wands.


Message History

The searing ray hits Duvessa but does no damage.
Duvessa is lightly wounded.
You block Duvessa's attack.
You take 1 damage, and have 47/60 hp.
The searing ray hits Duvessa.
Duvessa is lightly wounded.
The searing ray hits the orc!
You kill the orc!
You finish channelling your searing ray.
Duvessa hits you with a +0 short sword! Duvessa hits you but does no damage.
You take 15 damage, and have 32/60 hp.
MASSIVE DAMAGE!!
Casting: Searing Ray (safe; 1% risk of failure)
Confirm with . or Enter, or press ? or * to list all spells.
Aiming: Searing Ray (safe; 1% risk of failure)
Press: ? - help, Shift-Dir - straight line, f/p - Duvessa
Aim: Duvessa, wielding a +0 short sword and wearing a +0 leather armour (lightly wounded, berserk, 85% to hit)
The searing ray hits Duvessa!
Duvessa is moderately wounded. (Press . to maintain the ray.) Duvessa closely misses you.
You take 2 damage, and have 30/60 hp.
The searing ray hits Duvessa!
Duvessa is heavily wounded.
Duvessa hits you with a +0 short sword!
* * * LOW HITPOINT WARNING * * *
You block Duvessa's attack.
You take 17 damage, and have 13/60 hp.
MASSIVE DAMAGE!!
The searing ray hits Duvessa!
Duvessa is severely wounded.
* * * LOW HITPOINT WARNING * * *
Duvessa hits you with a +0 short sword!
* * * LOW HITPOINT WARNING * * *
An orc warrior comes into view. It is wielding a +0 battleaxe.
You take 9 damage, and have 4/60 hp.
The searing ray hits Duvessa.
Duvessa is almost dead.
* * * LOW HITPOINT WARNING * * *
You finish channelling your searing ray.
Duvessa hits you with a +0 short sword!
You die...

# # # # #####+####
#........# #........# .
#........##########....#
o..).)e@..!.............
#####.########.####.####
# ##...## ####.....####
##.#.......#.##
#.............###
.....[...).....#.
.................
########
.................


You could see Duvessa (berserk) and an orc warrior.

Vanquished Creatures
  A kobold demonologist (D:6)
  Sigmund (D:4)
  Menkaure (D:5)
  2 steam dragons
  A water moccasin (D:4)
  3 black bears
  An ice beast (D:6)
  2 ogres
  2 centaurs (D:6)
  2 phantoms (D:6)
  2 kobold brigands
  Blork the orc (D:4)
  A gnoll sergeant (D:7)
  9 scorpions
  2 bullfrogs
  5 wights
  Dowan (D:7)
  8 killer bees (D:7)
  4 hounds
  An orc priest (D:6)
  Crazy Yiuf (D:2)
  2 jellies (D:6)
  Natasha (thrice) (D:2)
  An iguana (D:5)
  Ijyb (D:5)
  6 orc wizards
  Robin (D:4)
  6 gnolls
  5 adders
  4 white imps
  An ufetubus (D:6)
  A worm (D:3)
  2 dart slugs
  22 orcs
  4 bats
  7 endoplasms
  2 giant cockroaches
  9 goblins
  7 hobgoblins
  2 quokkas
  9 ball pythons
  17 kobolds
  4 rats
167 creatures vanquished.

Vanquished Creatures (others)
  A fulminant prism (D:6)
1 creature vanquished.

Grand Total: 168 creatures vanquished

Notes
Turn   | Place    | Note
-------+----------+-------------------------------------------
     0 | D:1      | Psyclone the Djinni Conjurer began the quest for the Orb.
     0 | D:1      | Psyclone set off with the following spells memorised: Magic
                  | Dart, Searing Ray, Dazzling Flash, Fulminant Prism,
                  | Iskenderun's Mystic Blast.
     0 | D:1      | Reached XP level 1. HP: 15/15 MP: 0/0
    27 | D:1      | Gained mutation: You expend health (3 HP) to strengthen
                  | your wands. [potion of mutation]
   173 | D:1      | Identified 3 scrolls of acquirement
   173 | D:1      | Acquired a +0 broad axe of electrocution
   174 | D:1      | Acquired the ring "Liwkew" {+Blink rElec rF+ Str-4 Dex+6}
   175 | D:1      | Acquired a +2 buckler of protection
   318 | D:2      | Reached XP level 2. HP: 16/21 MP: 0/0
   513 | D:2      | Found a runed translucent door.
   514 | D:2      | Noticed Crazy Yiuf
   521 | D:2      | Killed Crazy Yiuf
   522 | D:2      | Reached XP level 3. HP: 10/25 MP: 0/0
   522 | D:2      | Learned a level 1 spell: Sandblast
   803 | D:2      | Reached skill level 4 in Spellcasting
   819 | D:2      | Noticed Natasha
   825 | D:2      | Killed Natasha
   826 | D:2      | Reached XP level 4. HP: 24/31 MP: 0/0
   861 | D:2      | Noticed Natasha
   866 | D:2      | Killed Natasha
   867 | D:2      | Reached XP level 5. HP: 31/35 MP: 0/0
   867 | D:2      | Learned a level 2 spell: Static Discharge
  1184 | D:2      | Noticed Natasha
  1265 | D:2      | Killed Natasha
  2559 | D:3      | Found Xyxiz's Assorted Antiques.
  2651 | D:3      | Found Rylak's Book Boutique.
  3096 | D:4      | Reached skill level 5 in Spellcasting
  3100 | D:4      | Noticed Blork the orc
  3111 | D:4      | Killed Blork the orc
  3112 | D:4      | Reached XP level 6. HP: 25/40 MP: 0/0
  3250 | D:4      | Noticed Robin
  3260 | D:4      | Killed Robin
  3624 | D:4      | Noticed Sigmund
  3642 | D:4      | Killed Sigmund
  3643 | D:4      | Reached skill level 6 in Spellcasting
  3643 | D:4      | Reached XP level 7. HP: 39/45 MP: 0/0
  3643 | D:4      | Learned a level 3 spell: Vampiric Draining
  4272 | D:4      | Noticed a water moccasin
  4276 | D:4      | Killed a water moccasin
  4277 | D:4      | Reached skill level 7 in Spellcasting
  4277 | D:4      | Reached XP level 8. HP: 46/50 MP: 0/0
  4383 | D:5      | Entered Level 5 of the Dungeon
  4686 | D:5      | Noticed Menkaure
  4692 | D:5      | Killed Menkaure
  4693 | D:5      | Reached skill level 8 in Spellcasting
  4834 | D:5      | Identified the amulet "Deiwnuuf" {Spirit rPois Str+4}
  4973 | D:5      | Noticed Ijyb
  5117 | D:5      | Reached XP level 9. HP: 46/55 MP: 0/0
  5117 | D:5      | Learned a level 3 spell: Vhi's Electric Charge
  5117 | D:5      | Killed Ijyb
  5195 | D:5      | Found a sacrificial altar of Ru.
  5442 | D:6      | Reached skill level 9 in Spellcasting
  5646 | D:6      | Identified the amulet "Giogomotz" {rF+++ Regen+ Str+6
                  | Int+3}
  5667 | D:6      | Found a staircase to the Ecumenical Temple.
  5697 | Temple   | Entered the Ecumenical Temple
  6322 | D:6      | Reached skill level 10 in Spellcasting
  6544 | D:6      | Noticed a kobold demonologist
  6550 | D:6      | Killed a kobold demonologist
  6551 | D:6      | Reached XP level 10. HP: 48/60 MP: 0/0
  6712 | D:6      | Found a burning altar of Makhleb.
  6729 | D:6      | Reached skill level 11 in Spellcasting
  6959 | D:7      | Found a broken altar of Ashenzari.
  6963 | D:7      | Became a worshipper of Ashenzari the Shackled
  7197 | D:7      | Found a blossoming altar of Fedhas.
  7276 | D:7      | Found an opulent altar of Gozag.
  7704 | D:7      | Noticed Dowan
  7707 | D:7      | Noticed Duvessa
  7710 | D:7      | Killed Dowan
  7719 | D:7      | Mangled by Duvessa

Illustrated notes

Levels and vault maps discovered:
D:1:      dpeg_arrival_orchard, layout_basic
D:2:      layout_loops_corners, uniq_natasha, uniq_crazy_yiuf_cottage
D:3:      layout_basic, serial_shops, nicolae_shop_stone, shop
D:4:      layout_basic, nicolae_figureground_sparkle, uniq_sigmund, uniq_robin,
          uniq_blork_the_orc
D:5:      layout_cave_pools, nicolae_ru_path_of_blood, minmay_quadrilaterals,
          uniq_menkaure, uniq_ijyb
D:6:      cheibrodos_barr_body, layout_rooms, lemuel_doored_altar,
          minmay_temple_entry_large_hall, hangedman_decor_growths,
          minmay_fractal_squares_gapless_5
D:7:      layout_basic, mainiacjoe_overflow_big_doors, lemuel_tele_altar,
          zin_scriptorium, nicolae_figureground_pulse, uniq_duvessa
Temple:   nicolae_temple_great_sept

Skill      XL: |  1  2  3  4  5  6  7  8  9 10 |
---------------+-------------------------------+-----
Spellcasting   | 4 5 6 7 8 10 11 | 11.6
Dodging        | |  2.5
Stealth        | |  1.9

Action                     |  1- 3 |  4- 6 |  7- 9 | 10-12 || total
---------------------------+-------+-------+-------+-------++-------
  Melee: Broad axe         |    17 |    23 |     5 |       ||    45
         Unarmed           |       |     3 |       |       ||     3
         Spear             |       |       |     1 |     1 ||     2
   Cast: Magic Dart        |    11 |    53 |    31 |     6 ||   101
         Searing Ray       |     3 |    14 |    55 |    25 ||    97
         Fulminant Prism   |       |       |     1 |       ||     1
         Vhi's Electric Ch |       |       |     1 |       ||     1
         Iskenderun's Myst |       |       |       |     3 ||     3
    Use: Scroll            |     3 |       |       |       ||     3
         Potion            |     1 |       |       |       ||     1
   Stab: Sleeping          |       |     3 |       |       ||     3
 Armour: Robe              |     7 |    15 |    40 |    30 ||    92
  Dodge: Dodged            |    13 |    23 |    43 |    36 ||   115
  Block: Buckler           |     7 |     7 |    21 |    19 ||    54
